 Dungeon Crawl Stone Soup version 0.31-a0-986-g5e6e4ef867 (webtiles) character file.

Game seed: 18099045159416999212

370 LeprechaunX the Changeling (level 6, -1/42 HPs)
             Began as an Octopode Shapeshifter on Nov 3, 2023.
             Slain by an ice beast (5 damage)
             ... on level 4 of the Dungeon.
             The game lasted 00:03:46 (2864 turns).

LeprechaunX the Changeling (Octopode Shapeshifter)  Turns: 2864, Time: 00:03:46

Health: -1/42      AC:  1    Str: 13    XL:     6   Next: 70%
Magic:  6/6        EV: 14    Int: 12    God:
Gold:   191        SH:  0    Dex: 26    Spells: 5/5 levels left

rFire   . .          .
                       - Unarmed
rCold   . . .        (no shield)
rNeg    . . .        (helmet currently unavailable)
rPois   +            (no amulet)
rElec   .            (no ring)
rCorr   .            k - +6 ring of dexterity
SInv    .            l - ring of flight
Will    .....        n - ring of poison resistance
Stlth   +++          r - +6 ring of dexterity
HPRegen 0.27/turn    (no ring)
MPRegen 0.10/turn    (no ring)
                     (no ring)

%: no passive effects
@: beast-form, flying
A: beast (slay +2), almost no armour, amphibious, 8 rings, camouflage 1,
gelatinous body 1, (nimble swimmer 1), tentacles
a: Begin Untransformation


You were on level 4 of the Dungeon.
You were a hulking beast.
You visited 1 branch of the dungeon, and saw 4 of its levels.

You collected 191 gold pieces.

Inventory:

Hand Weapons
 p - a +0 sling
Jewellery
 g - a ring of fire
 k - a +6 ring of dexterity (right tentacle)
 l - a ring of flight (on tentacle)
 n - a ring of poison resistance (on tentacle)
 r - a +6 ring of dexterity (on tentacle)
Talismans
 b - a beast talisman
 c - a flux talisman
Wands
 t - a wand of acid (13) (quivered)
 x - a wand of polymorph (4)
Scrolls
 e - a scroll of teleportation {unknown}
 f - 2 scrolls of fog {unknown}
 h - a scroll of enchant armour {unknown}
 i - 2 scrolls of immolation {unknown}
 q - a scroll of poison {unknown}
 s - a scroll of enchant weapon {unknown}
 w - a scroll of identify {unknown}
Potions
 a - a potion of lignification
 d - a potion of magic {unknown}
 j - 2 potions of degeneration {unknown}
 m - 2 potions of resistance {unknown}
 o - 2 potions of attraction {unknown}
 u - a potion of invisibility {unknown}
 v - a potion of might {unknown}
 z - a potion of heal wounds {unknown}


   Skills:
 + Level 3.2 Fighting
 - Level 2.0 Dodging
 + Level 4.3 Unarmed Combat
 + Level 1.1 Evocations
 * Level 5.1 Shapeshifting


You had 5 spell levels left.
You didn't know any spells.
Your spell library contained the following spells:

 Spells                   Type           Power      Damage    Failure   Level
 Necrotise                Necr           0%         1d4       32%         1
 Sandblast                Erth           0%         2d4       32%         1
 Passwall                 Tmut/Erth      0%         N/A       45%         2
 Stone Arrow              Conj/Erth      0%         3d7       69%         3
 Brom's Barrelling Bould  Conj/Erth      0%         2d3       97%         4
 Summon Ice Beast         Ice/Summ       0%         N/A       97%         4
 Summon Mana Viper        Hex/Summ       0%         N/A       100%        5
 Monstrous Menagerie      Summ           0%         N/A       100%        7


Dungeon Overview and Level Annotations

Branches:
Dungeon (4/15)
 Temple: D:4-7

Altars:
Kikubaaqudgha
Sif Muna
Vehumet


Innate Abilities, Weirdness & Mutations

You are a hulking beast.
Your limbs bulge with bestial killing power. (Slay +2)
You cannot wear most types of armour.
You are amphibious.
You can wear up to eight rings at the same time.
Your skin changes colour to match your surroundings (Stealth+).
Your rubbery body absorbs attacks. (AC +1, EV +1)
((You are camouflaged when in or above water. (Stealth+)))
You have tentacles for arms and can constrict up to eight enemies at once.


Message History

Found four items.
A ball python comes into view.
The orc throws a boomerang.
The boomerang hits you.
An ice beast comes into view.
The orc hits you with a +0 club.
The ball python hisses angrily.
You bludgeon the orc!
You kill the orc!
You tentacle-slap the ball python. Your grab misses the ball python.
The ball python is heavily wounded.
The ball python barely misses you. x2
You tentacle-slap the ball python.
You kill the ball python!
You remove your ring of fire.
You tentacle-slap the ice beast.
The ice beast is lightly wounded.
The ice beast hits you. The ice beast freezes you!
You are too injured to fight recklessly!
You tentacle-slap the ice beast.
You squeeze the ice beast, but do no damage.
The ice beast is moderately wounded.
The ice beast misses you.
Unknown command.
You tentacle-slap the ice beast.
The ice beast is moderately wounded.
The ice beast hits you. The ice beast freezes you!
* * * LOW HITPOINT WARNING * * *
You barely miss the ice beast.
You squeeze the ice beast, but do no damage.
The ice beast is moderately wounded.
The ice beast misses you.
Aiming: Corrosive Bolt
Press: ? - help, Q - select action, (/) - cycle Shift-Dir - straight line, f - ice beast
Aim: an ice beast (moderately wounded, 71% to hit)
The bolt of acid hits the ice beast!
The acid corrodes the ice beast!
The ice beast is severely wounded.
The ice beast hits you.
* * * LOW HITPOINT WARNING * * *
The ice beast freezes you.
You die...

......## ###.# ##
......# #... .# ..†...#
#####.# ......##### .##
..........######..#
......###.......#.######
####### ######..........
. ####........... #
........hY...... #
..?......)...... #
w................ #
........>........ #####
...!............. ....#
##.###....$......
....### .. ##.....#....
....... ##..#######
......#


You could see an ice beast (corroded).

Vanquished Creatures
  Edmund (D:4)
  A phantom (D:4)
  A jelly (D:4)
  A gnoll (D:1)
  3 adders
  4 worms
  2 dart slugs
  12 orcs
  8 endoplasms
  4 giant cockroaches
  7 goblins
  4 hobgoblins
  4 jackals (D:4)
  3 kobolds
  3 quokkas
  6 ball pythons
  3 bats
  2 frilled lizards
  8 rats
77 creatures vanquished.

Notes
Turn   | Place    | Note
-------+----------+-------------------------------------------
     0 | D:1      | LeprechaunX the Octopode Shapeshifter began the quest for
                  | the Orb.
     0 | D:1      | Reached XP level 1. HP: 13/13 MP: 1/1
   206 | D:1      | Reached XP level 2. HP: 18/18 MP: 2/2
   721 | D:1      | Reached XP level 3. HP: 23/23 MP: 3/3
  1368 | D:3      | Reached XP level 4. HP: 29/29 MP: 4/4
  1597 | D:3      | Reached skill level 4 in Shapeshifting
  2034 | D:3      | Found a faded altar of an unknown god.
  2034 | D:3      | Noticed a blizzard demon
  2453 | D:4      | Identified the of Lil Qigh
  2462 | D:4      | Reached XP level 5. HP: 32/35 MP: 5/5
  2524 | D:4      | Noticed a phantom
  2535 | D:4      | Killed a phantom
  2620 | D:4      | Noticed Edmund
  2623 | D:4      | Reached XP level 6. HP: 40/41 MP: 6/6
  2637 | D:4      | Killed Edmund
  2638 | D:4      | Reached skill level 1 in Evocations
  2638 | D:4      | Reached skill level 5 in Shapeshifting
  2693 | D:4      | Found a radiant altar of Vehumet.
  2704 | D:4      | Found an ancient bone altar of Kikubaaqudgha.
  2705 | D:4      | Found a shimmering blue altar of Sif Muna.
  2854 | D:4      | Noticed an ice beast
  2864 | D:4      | Slain by an ice beast

Illustrated notes

Levels and vault maps discovered:
D:1:      dpeg_arrival_arbitrary_b, layout_basic, minivault_27
D:2:      layout_rooms, nicolae_titane
D:3:      minmay_diamond_boxcup, layout_basic,
          dreamdust_ecumenical_altar_sealed_demon
D:4:      layout_rooms, grunt_temple_overflow_magic_moments, serial_shops,
          nicolae_shop_back_alley_shop, uniq_edmund

Skill      XL: |  1  2  3  4  5  6 |
---------------+-------------------+-----
Fighting       | 2 3 |  3.2
Shapeshifting  | 4 5 |  5.1
Unarmed Combat | 4 |  4.3
Evocations     | 1 |  1.1
Dodging        | |  2.0

Action                     |  1- 3 |  4- 6 || total
---------------------------+-------+-------++-------
  Melee: Unarmed           |    56 |   103 ||   159
         Constrict         |    17 |    23 ||    40
         Tentacles         |    11 |    29 ||    40
         Punch             |     1 |     1 ||     2
  Evoke: Wand              |       |     1 ||     1
   Stab: Sleeping          |    11 |     4 ||    15
         Distracted        |       |     1 ||     1
 Armour: Skin              |    13 |    49 ||    62
  Dodge: Dodged            |    26 |    64 ||    90

Table legend: (Time is in decaauts)
 A = Elapsed time spent in this place.
 B = Non-inter-level travel time spent in this place.
 C = Inter-level travel time spent in this place.
 D = Time resting spent in this place.
 E = Time spent auto-exploring this place.
 F = Levels seen in this place.
 G = Mean time per level.
                   A        B        C        D        E       F      G
               +--------+--------+--------+--------+--------+-----+--------+
         Total |   2850 |   2709 |    141 |     50 |   2215 |   4 |  712.5 |
       Dungeon |   2850 |   2709 |    141 |     50 |   2215 |   4 |  712.5 |
               +--------+--------+--------+--------+--------+-----+--------+

Top non-repeatable levels by time:
     D:3: 1087 daAuts
     D:1: 763 daAuts
     D:2: 591 daAuts
     D:4: 407 daAuts
